[Event "Early-Titled-Tuesday-Blitz-May-07-2024"]
[Site "Chess.com"]
[Date "2024.05.07"]
[Round "3"]
[White "Gareth-Bale11"]
[Black "SHIVACalypso"]
[Result "1/2-1/2"]
[WhiteElo "2908"]
[BlackElo "2546"]
[TimeControl "180+1"]
[EndTime "8:32:10 PDT"]
[Termination "Game drawn by repetition"]

1. e4 e6 2. d4 d5 3. Nc3 Bb4 4.
exd5 exd5 5. Bd3 Nc6 6. a3 Bxc3+ 7. bxc3 Be6 8. Qf3 Nge7 9. Ne2 Qd7 10. Nf4 O-O-O 11. a4 Bf5 12. O-O Bxd3 13. cxd3 f5 14. h4 g6 15. Re1 Rhg8 16. Ne6 Rde8 17. Bf4 g5 18. hxg5 Ng6 19. Nxc7 Rxe1+ 20. Rxe1 Nxf4 21.
Qxf4 Qxc7 22. Qxf5+ Qd7 23. Qf6 Rg6 24. Qf8+ Kc7 25.
f4 Re6 26. Rxe6 Qxe6 27. Kf2 Qe7 28. Qf5 Kd6 29. g4 Qd7 30. Qf6+ Qe6 31. Qf8+ Qe7 32.
Qh6+ Qe6 33. Qf8+ Qe7 34. Qg8 Nd8 35. f5 Nf7 36. Qxh7 Nxg5 37. Qh6+ Kd7 38. f6 Nf7 39. Qg6 Qe6 40. Kf3 Nd6 41. Kf4 Qe2 42. Kg5 Qd2+ 43. Kh5 Qh2+ 44. Kg5 Qd2+ 45. Kh5 Qh2+ 46. Kg5 Qd2+ 1/2-1/2

[Event "Early-Titled-Tuesday-Blitz-May-07-2024"]
[Site "Chess.com"]
[Date "2024.05.07"]
[Round "3"]
[White "subham777"]
[Black "remyrushbrooke"]
[Result "0-1"]
[WhiteElo "2489"]
[BlackElo "2294"]
[TimeControl "180+1"]
[EndTime "8:32:11 PDT"]
[Termination "remyrushbrooke won by resignation"]

1. e4 g6 2. g3 Bg7 3. Bg2 d6 4. Ne2 c5 5. O-O Nc6 6. c3 e5 7.
f4 Nge7 8. d3 O-O 9. h3 d5 10.
Nd2 Be6 11. g4 f5 12. exf5 gxf5 13. fxe5 Nxe5 14. Nf4 Bf7 15. Nf3 Nxf3+ 16. Qxf3 fxg4 17. hxg4 Kh8 18. Bd2 Qd7 19. Rae1 Ng6 20. Qh3 Nxf4 21. Bxf4 Be6 22. Qg3 Bxg4 23. Be5 Rg8 24. Bxg7+ Rxg7 25. Qe5 Rg8 26. Re3 Bh3 27. Rg3 Bxg2 28. Rxg2 h6 29. Rf6 Kh7 30. Rf2 Rxg2+ 31. Rxg2 Rxg2+ 32. Kxg2 Qg7+ 33. Qxg7+ Kxg7 34. Kg3 Kf6 35. Kh4 Ke5 36. Kh5 Kf4 37. c4 dxc4 38. dxc4 Ke4 39. Kxh6 Kd4 40.
b3 Kc3 41. Kg5 Kb2 42. Kf5 Kxa2 43. Ke4 Kxb3 44. Kd5 Kb4 0-1

[Event "Early-Titled-Tuesday-Blitz-May-07-2024"]
[Site "Chess.com"]
[Date "2024.05.07"]
[Round "3"]
[White "Pedrada88"]
[Black "sofaceindisguise"]
[Result "0-1"]
[WhiteElo "2550"]
[BlackElo "2745"]
[TimeControl "180+1"]
[EndTime "8:32:12 PDT"]
[Termination "sofaceindisguise won by resignation"]

1. Nf3 d5 2. c4 e6 3. e3 Nf6 4. b3 b6 5. Bb2 Bb7 6. Nc3 Nbd7 7.
Be2 c6 8. Qc2 Bd6 9. Rc1 O-O 10.
g4 Ne5 11. g5 Nxf3+ 12. Bxf3 Nd7 13. h4 dxc4 14. bxc4 Ne5 15. Be4 Nxc4 16. Bxh7+ Kh8 17. Be4 Nxb2 18. Qxb2 Qe7 19. Ne2 Ba3 20. Qe5 Bxc1 21. Nxc1 Rad8 22. h5 f6 23. Qc3 c5 24. Qc2 f5 25. Bxb7 Qxb7 26. Rh2 Qe4 27. Qxe4 fxe4 28. Ne2 Rf5 29. g6 Rfd5 30. Nf4 Rxd2 31. Kf1 e5 32. Ne6 R8d6 33. Ng5 Kg8 34. Nxe4 Rd1+ 35. Kg2 Rc6 36. Rh3 c4 37. Nc3 Rd3 38. Ne2 c3 39. Rf3 Rf6 40. Rg3 c2 41. Rg5 Rd2 42. Nc1 Rdxf2+ 43. Kh3 Rf1 44.
Rxe5 Rxc1 45. Re8+ Rf8 46. Re7 Rh1+ 47. Kg4 c1=Q 0-1

[Event "Early-Titled-Tuesday-Blitz-May-07-2024"]
[Site "Chess.com"]
[Date "2024.05.07"]
[Round "3"]
[White "Vasily85"]
[Black "MokshAD1603"]
[Result "0-1"]
[WhiteElo "2445"]
[BlackElo "2621"]
[TimeControl "180+1"]
[EndTime "8:32:12 PDT"]
[Termination "MokshAD1603 won by resignation"]

1. e4 c5 2. Nf3 d6 3. Bb5+ Nd7 4. c4 Nf6 5. Nc3 g6 6. O-O Bg7 7. d4 cxd4 8. Nxd4 O-O 9. Bxd7 Bxd7 10. f3 Rc8 11. b3 a6 12. a4 Qa5 13. Bd2 Nxe4 14. Nxe4 Bxd4+ 15. Kh1 Qc7 16. Bh6 Bg7 17. Bxg7 Kxg7 18.
Qd4+ Kg8 19. a5 Bc6 20. Nc3 Qd7 21. Rfe1 Rfe8 22. Rad1 Qf5 23. Rd2 Qxa5 24. h4 Qc5 25. Qf4 Qf5 26. Qh6 Rcd8 27. Rde2 Bxf3 28. gxf3 Qxf3+ 29.
Kg1 Qxc3 30. Rxe7 Qg3+ 31. Kf1 Qf3+ 32. Kg1 Qg4+ 33. Kf1 Qf5+ 34. Kg1 Rxe7 35. Rxe7 Qf6 36. Rxb7 Re8 37. Qg5 Re1+ 38. Kg2 Qf1+ 39. Kg3 Qg1+ 40. Kh3 Re3+ 0-1

[Event "Early-Titled-Tuesday-Blitz-May-07-2024"]
[Site "Chess.com"]
[Date "2024.05.07"]
[Round "3"]
[White "nuadvaga"]
[Black "ab-lsv"]
[Result "0-1"]
[WhiteElo "2145"]
[BlackElo "2383"]
[TimeControl "180+1"]
[EndTime "8:32:12 PDT"]
[Termination "ab-lsv won by checkmate"]

1. d4 d5 2. f3 c5 3. dxc5 e6 4. e4 Bxc5 5. Bf4 Qb6 6. Nh3 Qxb2 7. Nd2 Nf6 8. Bd3 Nc6 9. Rb1 Qxa2 10. exd5 exd5 11.
Qe2+ Be6 12. Be3 Bxe3 13. Qxe3 O-O 14. O-O Bxh3 15. gxh3 Rfe8 16. Qg5 Qa5 17. Nb3 Qc7 18. Kh1 Qe5 19. Qh4 Qh5 20. Qg3 Re3 21. Nc5 b6 22. Nb3 Rae8 23. Nd2 Nd4 24. Rg1 g6 25. Rbf1 Kg7 26.
Qf4 Qe5 27. Qh4 Nf5 28. Qf2 a5 29. Rb1 Qf4 30. Nf1 Rxf3 31. Qg2 Rf2 32. Bxf5 Qxf5 33. Qg3 Ne4 34. Qe3 d4 35. Qxd4+ Re5 36. Ng3 Qf3+ 37. Rg2 Qxg2# 0-1

[Event "Early-Titled-Tuesday-Blitz-May-07-2024"]
[Site "Chess.com"]
[Date "2024.05.07"]
[Round "3"]
[White "Witik"]
[Black "VD_coach"]
[Result "1/2-1/2"]
[WhiteElo "2866"]
[BlackElo "2611"]
[TimeControl "180+1"]
[EndTime "8:32:13 PDT"]
[Termination "Game drawn by agreement"]

1. d4 Nf6 2. Nf3 g6 3. g3 Bg7 4. Bg2 O-O 5. O-O d6 6. b3 a5 7. Bb2 a4 8. c4 axb3 9. axb3 Rxa1 10. Bxa1 Ne4 11. e3 Nc6 12. Nfd2 Nxd2 13. Qxd2 e5 14.
Na3 exd4 15. exd4 Re8 16. Nb5 Ne7 17. Re1 c6 18. Nc3 Nf5 19. d5 Nd4 20. Rxe8+ Qxe8 21. Qd1 Bg4 22. Qxg4 Qe1+ 23. Bf1 Qxa1 24. Qc8+ Bf8 25.
Ne4 Nf3+ 26. Kg2 Ne1+ 27. Kg1 Nf3+ 28. Kg2 Ne1+ 29. Kg1 Qe5 30. Qe8 Nf3+ 31. Kg2 Ne1+ 32.
Kh1 cxd5 33. cxd5 Qxd5 34. Kg1 Nf3+ 35. Kh1 Nd2 36. Bg2 Nxe4 37. Bxe4 Qe5 38. Qxe5 dxe5 39. Bxb7 f5 40. Bd5+ Kg7 41. Kg2 Kf6 42. f3 Bb4 43. h3 h5 1/2-1/2

[Event "Early-Titled-Tuesday-Blitz-May-07-2024"]
[Site "Chess.com"]
[Date "2024.05.07"]
[Round "3"]
[White "DenisQ"]
[Black "erlesfar"]
[Result "0-1"]
[WhiteElo "2706"]
[BlackElo "2436"]
[TimeControl "180+1"]
[EndTime "8:32:13 PDT"]
[Termination "erlesfar won by resignation"]

1. Nf3 g6 2. g3 Bg7 3. Bg2 e6 4.
O-O Ne7 5. c4 O-O 6. Nc3 d5 7.
d4 Nbc6 8. cxd5 exd5 9. Bf4 Bf5 10. Rc1 a6 11. Qd2 Re8 12. Rfd1 Be4 13. Nxe4 dxe4 14. Ng5 Qxd4 15. Nxe4 Nd5 16. Qc2 Nxf4 17. gxf4 Qb4 18. e3 Rad8 19. Nc5 Qxb2 20. Qxb2 Bxb2 21.
Rxd8 Nxd8 22. Rb1 Ba3 23. Nxb7 Nxb7 24. Rxb7 Bd6 25. Bd5 Kg7 26. Ra7 Rb8 27. Rxa6 Rb1+ 28. Kg2 Rb2 29. Rc6 Rd2 30. Bb3 h5 31. Kf3 h4 32. h3 Rb2 33. Bc4 Rb1 34. a4 Rg1 35.
a5 g5 36. fxg5 Rxg5 37. a6 Ra5 38. Ke4 Kf6 39. Be2 Ke7 40. Rc1 c5 41. Kd5 Kd7 42.
Bg4+ Kc7 43. Be2 c4+ 44. Kxc4 Rc5+ 0-1

[Event "Early-Titled-Tuesday-Blitz-May-07-2024"]
[Site "Chess.com"]
[Date "2024.05.07"]
[Round "3"]
[White "Chernov_Alexander_A"]
[Black "UK_23"]
[Result "0-1"]
[WhiteElo "2249"]
[BlackElo "2443"]
[TimeControl "180+1"]
[EndTime "8:32:13 PDT"]
[Termination "UK_23 won on time"]

1. d4 Nf6 2. Nf3 c5 3. d5 b5 4. c4 b4 5. a3 g6 6. axb4 cxb4 7.
Nbd2 a5 8. e4 d6 9. e5 dxe5 10.
Nxe5 Bg7 11. Ndf3 O-O 12. Be2 Na6 13. O-O Nc5 14. Nd3 Nxd3 15. Bxd3 Bg4 16. h3 Bxf3 17. Qxf3 Qc7 18. Bf4 Qc5 19. Be3 Qc7 20. Bf4 Qb7 21. b3 Nh5 22. Ra4 Nxf4 23. Qxf4 Bb2 24. Ra2 Bc3 25.
Ra4 Qb6 26. h4 Rae8 27. h5 e5 28. dxe6 Rxe6 29. hxg6 hxg6 30. Ra2 Rfe8 31. g3 Kg7 32.
Kg2 Rf6 33. Qg5 Re5 34. Qg4 Qc5 35. Re2 Rxe2 36. Bxe2 a4 37. bxa4 Qc6+ 38. Bf3 Qxa4 39. Bd5 b3 40. Rh1 Rf5 41. Qe4 b2 42. Qe7 Qc2 43.
Rf1 b1=Q 0-1

[Event "Early-Titled-Tuesday-Blitz-May-07-2024"]
[Site "Chess.com"]
[Date "2024.05.07"]
[Round "3"]
[White "ChessQueen"]
[Black "jefferyx"]
[Result "0-1"]
[WhiteElo "2815"]
[BlackElo "3125"]
[TimeControl "180+1"]
[EndTime "8:32:14 PDT"]
[Termination "jefferyx won by resignation"]

1. e4 c5 2. d4 cxd4 3. Qxd4 Nf6 4. Nc3 d6 5. Nf3 a6 6. Be2 e5 7.
Qd3 h6 8. O-O Be6 9. Rd1 Nbd7 10.
h3 Be7 11. b3 b5 12. Bb2 O-O 13. Qe3 Qb6 14. Qxb6 Nxb6 15. Ba3 Rfc8 16. Bxd6 Bxd6 17. Rxd6 Nbd7 18. Nd5 Bxd5 19. exd5 Rxc2 20. Bd3 Rb2 21.
Bf5 e4 22. Bxd7 exf3 23. Bc6 Ne4 24. Bxa8 Nxd6 25. gxf3 Kf8 26. Rc1 Rxa2 27. Rc6 Ke7 28. Kg2 g5 29. Rc7+ Kf6 30. Rd7 Nf5 31. Ra7 Nh4+ 32.
Kg3 Ra1 33. d6 Nf5+ 34. Kg2 Nxd6 35. Bd5 a5 36. f4 gxf4 37. Kf3 Ke5 38. Bxf7 Nxf7 39.
Rxf7 Ra3 40. Re7+ Kf6 41. Ra7 Rxb3+ 42. Kxf4 Rb4+ 43. Ke3 a4 44. f3 Rb3+ 45. Ke4 a3 46.
h4 Rb4+ 47. Kd3 Ra4 48. Rxa4 bxa4 49. Kc3 Kf5 0-1

[Event "Early-Titled-Tuesday-Blitz-May-07-2024"]
[Site "Chess.com"]
[Date "2024.05.07"]
[Round "3"]
[White "tusplingher"]
[Black "FXDon77"]
[Result "0-1"]
[WhiteElo "2557"]
[BlackElo "2853"]
[TimeControl "180+1"]
[EndTime "8:32:16 PDT"]
[Termination "FXDon77 won by checkmate"]

1. e4 c5 2. Nf3 Nc6 3. Bc4 e6 4. O-O Nf6 5. Re1 d6 6. c3 Be7 7.
Bf1 e5 8. d4 cxd4 9. cxd4 Bg4 10.
d5 Nd4 11. Be3 Nxf3+ 12. gxf3 Bd7 13. Nc3 Nh5 14. Qd2 O-O 15. Rac1 f5 16. exf5 Rxf5 17. Bg2 Nf4 18. Bxf4 Rxf4 19. Ne4 Bf5 20. Ng3 Bg5 21. Qe2 Bg6 22. Rc3 Rc8 23. Rec1 Rxc3 24. Rxc3 h6 25. Bh3 Kh7 26. Be6 Qa5 27. Rc8 Bd8 28. Ne4 Bxe4 29. fxe4 g6 30. b4 Qb6 31. Qc2 h5 32. a4 a5 33. bxa5 Qxa5 34. Rb8 Bh4 35. Rxb7+ Kh6 36. Rb1 Bxf2+ 37. Kh1 Bd4 38. Rd1 Qa6 39. Qd3 Qxa4 40. Qe2 Rf2 41. Qd3 Qa2 42. Qh3 Qe2 43. Rg1 Qxe4+ 44.
Rg2 Rf1# 0-1

[Event "Early-Titled-Tuesday-Blitz-May-07-2024"]
[Site "Chess.com"]
[Date "2024.05.07"]
[Round "3"]
[White "ChadBiryani"]
[Black "Darko-Dimitrijevic"]
[Result "1-0"]
[WhiteElo "2564"]
[BlackElo "2269"]
[TimeControl "180+1"]
[EndTime "8:32:16 PDT"]
[Termination "ChadBiryani won by checkmate"]

1. c4 g6 2. g3 Bg7 3. Bg2 e6 4. Nf3 Ne7 5. O-O O-O 6. d3 b6 7. Nc3 Bb7 8. Bg5 h6 9. Bd2 c5 10. Rb1 Nbc6 11. a3 a5 12. Qc1 Kh7 13. Nb5 d5 14. Rd1 Qd7 15. h3 Rfc8 16. Bc3 d4 17. Bd2 e5 18. e3 Nf5 19. exd4 Nfxd4 20. Nfxd4 exd4 21. Bf4 g5 22. Bxg5 hxg5 23. Qxg5 Re8 24. Re1 Rxe1+ 25. Rxe1 Re8 26. Rxe8 Qxe8 27. Be4+ Kg8 28.
Nd6 Qd7 29. Nxb7 Qxb7 30. Qd5 Qc8 31. Qxc6 Qxh3 32. Qe8+ Bf8 33. Qb8 Qh6 34. Kg2 Qd6 35. Qc8 Kg7 36. Qg4+ Kh8 37. Qh5+ Kg7 38. Qh7+ Kf6 39.
Bd5 Qc7 40. f4 Bd6 41. Qh4+ Kg7 42. Qg5+ Kf8 43. Qf6 Qe7 44. Qh8# 1-0

[Event "Early-Titled-Tuesday-Blitz-May-07-2024"]
[Site "Chess.com"]
[Date "2024.05.07"]
[Round "3"]
[White "Genghis_K"]
[Black "wqws"]
[Result "1-0"]
[WhiteElo "2914"]
[BlackElo "2689"]
[TimeControl "180+1"]
[EndTime "8:32:17 PDT"]
[Termination "Genghis_K won by checkmate"]

1. e4 e5 2. Nf3 Nc6 3. d4 exd4 4. Nxd4 Nf6 5. Nxc6 bxc6 6. Bd3 d5 7. exd5 cxd5 8.
O-O Be7 9. c4 O-O 10. Nc3 d4 11.
Ne4 Bb7 12. Nxf6+ Bxf6 13. b4 Re8 14. Bf4 Be5 15. Qg4 Qf6 16. Bg3 Bxg3 17. hxg3 g6 18.
Rad1 h5 19. Qh4 Qxh4 20. gxh4 Rad8 21. Rfe1 Kf8 22. f3 Re3 23. Kf2 Rxe1 24. Rxe1 Bc8 25. Re5 Be6 26. Ra5 Rb8 27. a3 Rb7 28. Be4 Rb8 29.
c5 Rd8 30. Bd3 Ra8 31. Ke2 Kg7 32. Be4 Re8 33. Rxa7 f5 34. Bd3 g5 35. Rxc7+ Kg6 36.
hxg5 Kxg5 37. Kd2 Kf4 38. Rg7 h4 39. a4 Bd5 40. a5 h3 41. gxh3 Bxf3 42. b5 Rh8 43.
Bf1 Re8 44. c6 Re3 45. Bd3 Be4 46. Bxe4 fxe4 47. b6 Rc3 48. Rf7+ Kg3 49. b7 e3+ 50. Ke2 Rc2+ 51. Kd3 Rd2+ 52. Ke4 e2 53. b8=Q+ Kg2 54. Rg7+ Kf2 55. Qg3+ Kf1 56. Qg1# 1-0

[Event "Early-Titled-Tuesday-Blitz-May-07-2024"]
[Site "Chess.com"]
[Date "2024.05.07"]
[Round "3"]
[White "Ivan11Martic"]
[Black "Kacparov"]
[Result "1/2-1/2"]
[WhiteElo "2613"]
[BlackElo "2904"]
[TimeControl "180+1"]
[EndTime "8:32:17 PDT"]
[Termination "Game drawn by repetition"]

1. e4 c5 2. Nf3 e6 3. d4 cxd4 4. Nxd4 Nc6 5. Nc3 Qc7 6. g3 a6 7. Bg2 Nf6 8. O-O Bb4 9. Nxc6 bxc6 10. Na4 Be7 11. c4 d6 12. c5 dxc5 13. Qc2 Nd7 14. Bf4 e5 15. Be3 Rb8 16. b3 O-O 17. Nxc5 Nxc5 18.
Bxc5 Bxc5 19. Qxc5 Be6 20. Rfc1 Rfc8 21. Bf1 a5 22.
Rc2 h6 23. Rd1 Rb4 24. Bc4 Bg4 25. Rd6 Qe7 26. Kg2 Rbb8 27. Rcd2 Re8 28. h3 Bc8 29. Qxc6 Bb7 30. Qc5 Bxe4+ 31. f3 Ba8 32. Bd5 Rbc8 33. Qe3 Bxd5 34. R6xd5 Qb4 35. Qe4 Qc3 36. Rd7 Rf8 37. h4 Qa1 38. Qf5 g6 39. Qf6 Qc3 40. h5 Rc6 41.
Qe7 gxh5 42. Rd8 Rxd8 43. Rxd8+ Kg7 44. Qf8+ Kg6 45. Qg8+ Kf6 46. Qf8 Qc2+ 47. Kh3 Qf5+ 48. Kh4 Qg5+ 49. Kh3 Qf5+ 50. Kh4 Qg5+ 51. Kh3 Qf5+ 1/2-1/2

[Event "Early-Titled-Tuesday-Blitz-May-07-2024"]
[Site "Chess.com"]
[Date "2024.05.07"]
[Round "3"]
[White "francyIM"]
[Black "Goffredo_Fofi"]
[Result "1-0"]
[WhiteElo "2801"]
[BlackElo "2520"]
[TimeControl "180+1"]
[EndTime "8:32:17 PDT"]
[Termination "francyIM won by resignation"]

1. Nf3 g6 2. e4 Bg7 3. d4 Nf6 4. Nc3 d5 5. Bd3 dxe4 6. Nxe4 Nxe4 7. Bxe4 Nd7 8. c3 O-O 9. h3 c5 10. O-O cxd4 11. Nxd4 a6 12. Nb3 e5 13. a4 f5 14.
Bd5+ Kh8 15. f4 Nf6 16. Bc4 Qb6+ 17. Kh2 exf4 18. Bxf4 Nh5 19. Qd6 Qxd6 20. Bxd6 Rd8 21. Rae1 Bd7 22. Nc5 Bc6 23. Bc7 Rdc8 24. Be5 Bxg2 25.
Kxg2 Rxc5 26. Bxg7+ Nxg7 27. Bb3 Rc7 28. Re5 Rd8 29.
Rfe1 Rd2+ 30. R1e2 Rxe2+ 31. Rxe2 Nh5 32. Kf3 Kg7 33.
Re6 Nf6 34. Kf4 Rd7 35. Ke5 Nh5 36. Rb6 f4 37. Bd5 Rxd5+ 38. Kxd5 f3 39. Rxb7+ Kf6 40. Rb8 Kf5 41. Rf8+ Nf6+ 42. Kd6 f2 43. Ke7 Ke4 44.
Rxf6 Ke3 45. b4 1-0

[Event "Early-Titled-Tuesday-Blitz-May-07-2024"]
[Site "Chess.com"]
[Date "2024.05.07"]
[Round "3"]
[White "I_am_a_Miracle"]
[Black "Shuvalov"]
[Result "0-1"]
[WhiteElo "2303"]
[BlackElo "2589"]
[TimeControl "180+1"]
[EndTime "8:32:17 PDT"]
[Termination "Shuvalov won by resignation"]

1. e4 e6 2. d3 d5 3. Nd2 c5 4. Qe2 Be7 5. f4 Nf6 6. Ngf3 O-O 7. e5 Ne8 8. g3 Nc6 9. Bg2 b5 10. O-O Nc7 11. c3 a5 12. h4 Ba6 13.
Ng5 Qe8 14. Qg4 b4 15. c4 Nd4 16. h5 h6 17. Nh3 Rd8 18. b3 Nc2 19. Rb1 Ne3 20. Qf3 Nxf1 21. Nxf1 Bb7 22. f5 exf5 23. Qxf5 Bc8 24. Qf2 Bg4 25. Nf4 dxc4 26. bxc4 Ne6 27. Nh2 Nxf4 28. gxf4 Bxh5 29. Be4 f5 30. Bd5+ Kh8 31.
Be3 Bf7 32. Qg2 Qd7 33. Bxf7 Rxf7 34. Rd1 a4 35. Qg6 Rff8 36. Nf3 b3 37. axb3 axb3 38.
Kf2 b2 39. Rh1 Qe8 40. Rxh6+ gxh6 41. Qxh6+ Kg8 42. Ng5 Bxg5 43. Qxg5+ Kh7 44. Qh4+ Kg7 45. Qg5+ Qg6 46. Qe7+ Kg8 47. Bxc5 b1=Q 0-1

[Event "Early-Titled-Tuesday-Blitz-May-07-2024"]
[Site "Chess.com"]
[Date "2024.05.07"]
[Round "3"]
[White "BeReal24"]
[Black "Vahe_Danielyan"]
[Result "1/2-1/2"]
[WhiteElo "2493"]
[BlackElo "2650"]
[TimeControl "180+1"]
[EndTime "8:32:18 PDT"]
[Termination "Game drawn - insufficient material"]

1. e4 e5 2. Nf3 Nc6 3. Bc4 Nf6 4. d3 Bc5 5. c3 d6 6. O-O h6 7. a4 a6 8. h3 O-O 9. Re1 Ba7 10. Nbd2 Ne7 11. Nf1 Ng6 12. Ng3 c6 13. d4 exd4 14. cxd4 d5 15. exd5 Nxd5 16. Ne5 Nxe5 17.
dxe5 Qb6 18. Qf3 Be6 19. b3 Qd4 20. Ba3 Rfe8 21. Rad1 Qh4 22. Re4 Qg5 23. Bc1 Qe7 24. Rde1 b5 25. Bxd5 Bxd5 26. Nf5 Qe6 27. Qg4 Qg6 28.
Qxg6 fxg6 29. Nd6 Bxe4 30. Nxe8 Rxe8 31. Rxe4 Kf7 32. Bb2 Ke6 33. g4 g5 34. Kg2 Rf8 35. f3 Rf4 36. Re2 bxa4 37. bxa4 Rxa4 38. Rc2 Ra2 39.
Rxc6+ Kd5 40. Rd6+ Kc4 41. Rd2 Be3 42. Rc2+ Kd5 43.
e6 Kxe6 44. Re2 Kd5 45. Rxe3 Rxb2+ 46. Kg3 a5 47. Re7 Kc5 48. Rxg7 Rb6 49. Rc7+ Kb5 50. f4 a4 51. Rc1 gxf4+ 52. Kxf4 a3 53. h4 a2 54. g5 Ka4 55. Ra1 Kb3 56. gxh6 Rxh6 57. Kg5 Rh8 58. h5 Rg8+ 59. Kf6 Rf8+ 60. Kg7 Rf2 61. h6 Rg2+ 62. Kh8 Kb2 63. Rxa2+ Kxa2 64. h7 Rf2 65. Kg8 Rd2 66. h8=Q Rd8+ 67. Kg7 Rxh8 68.
Kxh8 1/2-1/2

[Event "Early-Titled-Tuesday-Blitz-May-07-2024"]
[Site "Chess.com"]
[Date "2024.05.07"]
[Round "3"]
[White "VirtualCoach"]
[Black "Slovineanu"]
[Result "0-1"]
[WhiteElo "2138"]
[BlackElo "2459"]
[TimeControl "180+1"]
[EndTime "8:32:18 PDT"]
[Termination "Slovineanu won on time"]

1. d4 Nf6 2. c4 e6 3. Nf3 d5 4. Nc3 c5 5. cxd5 Nxd5 6. dxc5 Nxc3 7. Qxd8+ Kxd8 8. bxc3 Bxc5 9. e3 Bd7 10. Be2 Bc6 11.
O-O Nd7 12. Bb2 Ke7 13. c4 f6 14. Rfd1 Rac8 15. Nd4 Ba4 16. Rdc1 Rhd8 17. Nb3 Bb4 18. Bc3 Bxc3 19. Rxc3 Nc5 20. Rb1 b6 21. Nxc5 Rxc5 22. Ra3 Ra5 23. g3 Rd2 24. Bf1 Kd6 25. Rb4 Bd7 26.
Rxa5 bxa5 27. Rb7 Bc6 28. Rxa7 Rxa2 29. Rxg7 Ra1 30. f4 a4 31. Kf2 Kc5 32. Ra7 Kb6 33. Rxh7 a3 34. c5+ Kxc5 35. Ra7 a2 36. h4 Bd5 37. h5 Rb1 38. e4 Bb3 39. h6 a1=Q 40. Rc7+ Kb6 41. h7 Rxf1+ 0-1

[Event "Early-Titled-Tuesday-Blitz-May-07-2024"]
[Site "Chess.com"]
[Date "2024.05.07"]
[Round "3"]
[White "Flaccidmoves"]
[Black "aljado"]
[Result "1-0"]
[WhiteElo "2402"]
[BlackElo "2171"]
[TimeControl "180+1"]
[EndTime "8:32:18 PDT"]
[Termination "Flaccidmoves won on time"]

1. c4 e5 2. g3 Nf6 3. Bg2 c6 4. d4 exd4 5. Qxd4 d5 6. cxd5 cxd5 7. Nc3 Nc6 8. Qd1 Bb4 9. Bd2 O-O 10. Nf3 h6 11. O-O Bg4 12. a3 Ba5 13. Nb5 Bb6 14.
h3 Bh5 15. g4 Bg6 16. e3 Ne4 17.
Be1 Rc8 18. Rc1 f5 19. Nfd4 fxg4 20. Qxg4 Qf6 21. Bc3 Nxc3 22. Rxc3 Bf7 23. Rfc1 a6 24. Nxc6 bxc6 25. Nd4 Bxd4 26. exd4 Be6 27. Qg3 Qxd4 28. Rxc6 Qxb2 29. Rxc8 Rxc8 30. Rxc8+ Bxc8 31. Bxd5+ Kh8 32. Kh2 Qf6 33. Be4 Bf5 34. Qb8+ Kh7 35. Qf4 Bxe4 36. Qxe4+ Qg6 37. Qf4 1-0

[Event "Early-Titled-Tuesday-Blitz-May-07-2024"]
[Site "Chess.com"]
[Date "2024.05.07"]
[Round "3"]
[White "LeninGuerra"]
[Black "Lady_Nika"]
[Result "1-0"]
[WhiteElo "2652"]
[BlackElo "2482"]
[TimeControl "180+1"]
[EndTime "8:32:19 PDT"]
[Termination "LeninGuerra won by resignation"]

1. e4 c5 2. Nf3 e6 3. b4 cxb4 4. a3 bxa3 5. Bxa3 Bxa3 6. Nxa3 Ne7 7. Nb5 d6 8. Nxa7 Nbc6 9. Bb5 Bd7 10. Nxc6 bxc6 11.
Rxa8 Qxa8 12. Be2 c5 13. d3 O-O 14. O-O d5 15. e5 Ng6 16. Qd2 Qa4 17. Rb1 h6 18. h3 Bc6 19. c3 d4 20. cxd4 cxd4 21. Bd1 Qa7 22. Qe1 Rb8 23. Rc1 Bd5 24. Nd2 Nf4 25. Be2 Bxg2 26. Nc4 Bd5 27. Bf1 Qe7 28. f3 Qg5+ 29. Kh2 Bxf3 30. Qg3 Bd5 31. Qxg5 hxg5 32. Nd6 Rb2+ 33. Kg3 f6 34. Rc8+ Kh7 35. h4 Nh5+ 36. Kg4 Rf2 37. hxg5 Rxf1 38. Kxh5 Bf3+ 39. Kh4 Rg1 40. gxf6 gxf6 41. exf6 Rg4+ 42. Kh3 Rf4 43. f7 Kg7 44. Kg3 Rf6 45. Rg8+ Kh7 46. f8=Q 1-0

[Event "Early-Titled-Tuesday-Blitz-May-07-2024"]
[Site "Chess.com"]
[Date "2024.05.07"]
[Round "3"]
[White "tptagain"]
[Black "juancruzarias"]
[Result "0-1"]
[WhiteElo "2924"]
[BlackElo "2725"]
[TimeControl "180+1"]
[EndTime "8:32:21 PDT"]
[Termination "juancruzarias won on time"]

1. e4 c6 2. d4 d5 3. e5 c5 4. Nf3 cxd4 5. Nxd4 Nc6 6. Nxc6 bxc6 7. Bd3 e6 8. O-O a5 9. Nd2 Ne7 10. Nf3 Ba6 11. Bxa6 Rxa6 12. c4 Nf5 13. Qa4 Be7 14.
cxd5 Qxd5 15. Rd1 Qb5 16. Qxb5 cxb5 17. g4 Nh6 18. h3 O-O 19. Be3 Rd8 20. Rxd8+ Bxd8 21. Rc1 Ra8 22. Nd4 Kf8 23. Nxb5 Ng8 24. a4 Ne7 25. Bc5 Ke8 26. Nd6+ Kf8 27. Rc3 Ng6 28. Nc4+ Ke8 29. Kg2 Kd7 30. Kg3 Kc6 31. Bd6 Kd5 32. f4 Ke4 33. Re3+ Kd4 34. b3 Rc8 35. Re2 Kc3 36.
f5 Bh4+ 37. Kf3 Ne7 38. Re3+ Kd4 39. fxe6 fxe6 40. Nxa5 Nd5 41. Re2 Rc3+ 42. Kg2 Rxb3 43. Rd2+ Ke3 44. Nc4+ Ke4 45. Kf1 Kf3 46. Rd1 Bg5 47. a5 Rc3 48. Nb2 Ne3+ 49. Ke1 Nxd1 50. Nxd1 Rc2 51. Bb4 Bh4+ 52. Kf1 Rc1 0-1

[Event "Early-Titled-Tuesday-Blitz-May-07-2024"]
[Site "Chess.com"]
[Date "2024.05.07"]
[Round "3"]
[White "Kostya0705"]
[Black "Mops_2004"]
[Result "1-0"]
[WhiteElo "2543"]
[BlackElo "2811"]
[TimeControl "180+1"]
[EndTime "8:32:21 PDT"]
[Termination "Kostya0705 won by resignation"]

1. e4 g6 2. d4 Bg7 3. Nc3 d6 4. h4 h6 5. Be3 a6 6. g4 b5 7. Bg2 Bb7 8. g5 h5 9. Qd2 Nd7 10. O-O-O e6 11. f4 Ne7 12. Kb1 Nb6 13. b3 d5 14. f5 exf5 15. e5 Qd7 16. Nh3 Nc6 17. Nf4 Nd8 18. Nce2 a5 19. a3 Bf8 20. Ka2 a4 21. b4 Nc4 22. Qc3 Ra6 23. Rhe1 Ne6 24. Bc1 Be7 25. Qf3 c6 26. c3 Kf8 27. Bh3 Kg7 28. Rf1 Bc8 29. Rg1 Nf8 30. Rdf1 Ra7 31. Ng3 Kg8 32. Nfxh5 gxh5 33. Nxf5 Qe8 34. Nh6+ Kg7 35.
Bxc8 Bd8 36. Qxh5 Ng6 37. Bf5 c5 38. bxc5 Ba5 39. Rf3 Rb7 40. Rgf1 Nf8 41. Bd3 Nxe5 42. dxe5 Qe6 43. Rxf7+ 1-0

[Event "Early-Titled-Tuesday-Blitz-May-07-2024"]
[Site "Chess.com"]
[Date "2024.05.07"]
[Round "3"]
[White "ChessSG1"]
[Black "TimGrutter03"]
[Result "1/2-1/2"]
[WhiteElo "2439"]
[BlackElo "2598"]
[TimeControl "180+1"]
[EndTime "8:32:21 PDT"]
[Termination "Game drawn by repetition"]

1. c4 e5 2. g3 Nf6 3. Bg2 Bc5 4. Nc3 d6 5. e3 a5 6. Nge2 O-O 7. d4 Ba7 8. h3 Nc6 9. O-O Re8 10. Re1 Bf5 11. Kh2 exd4 12. exd4 Nxd4 13. Nxd4 Rxe1 14. Qxe1 Bxd4 15. Bxb7 Rb8 16. Bg2 Qd7 17. Nb5 Bb6 18. Bf4 Re8 19. Qd2 Ne4 20. Bxe4 Bxe4 21. Re1 Bb7 22. Nc3 Rxe1 23. Qxe1 Bc8 24. Nd5 Qxh3+ 25. Kg1 Be6 26. Bxd6 cxd6 27. Nxb6 h5 28. Nd5 h4 29.
Nf4 Qg4 30. Nxe6 fxe6 31. Qe3 hxg3 32. Qxg3 Qxc4 33. Qxd6 Qc1+ 34. Kg2 Qg5+ 35. Kf1 Qb5+ 36. Kg1 Qxb2 37. Qxe6+ Kf8 38. Qd6+ Kf7 39. Qd5+ Kg6 40. Qxa5 Qc1+ 41. Kg2 Qc6+ 42. Kg1 Qc1+ 43. Kg2 Qc6+ 44. Kg3 Qd6+ 45. Kg2 Qc6+ 1/2-1/2

[Event "Early-Titled-Tuesday-Blitz-May-07-2024"]
[Site "Chess.com"]
[Date "2024.05.07"]
[Round "3"]
[White "Winner_7777"]
[Black "LeoWin2012"]
[Result "1-0"]
[WhiteElo "2591"]
[BlackElo "2305"]
[TimeControl "180+1"]
[EndTime "8:32:21 PDT"]
[Termination "Winner_7777 won by checkmate"]

1. d4 Nf6 2. c4 e6 3. Nc3 Bb4 4. f3 O-O 5. a3 Bxc3+ 6. bxc3 c5 7. d5 d6 8. e4 e5 9. Bd3 Nbd7 10.
Ne2 Nb6 11. h4 Bd7 12. a4 a5 13. h5 h6 14. Qb3 Ra6 15. Be3 Qe8 16. Bc2 Nh7 17.
Ng3 Kh8 18. Kf2 Qe7 19. Nf5 Bxf5 20. exf5 f6 21. f4 Rf7 22. Rae1 Nf8 23. g3 Nfd7 24. Kf3 Qd8 25. Bc1 Re7 26. Qb5 Qe8 27. Kf2 Ra8 28. Re3 exf4 29. gxf4 Rxe3 30. Bxe3 Qe7 31. Re1 Qf7 32. Bd1 Re8 33. Bf3 Re7 34. Bd2 Qe8 35. Re6 Qd8 36. Rxd6 Qe8 37. Rxb6 Nxb6 38. Qxb6 Qd8 39.
Qxd8+ Kh7 40. Qxe7 b5 41. d6 bxa4 42. d7 a3 43.
d8=Q a2 44. Qf7 a1=Q 45. Qdg8# 1-0